 Dungeon Crawl Stone Soup version 0.17-a0-2118-g63bad21 (webtiles) character file.

13 4thArraOfDagon the Scratcher (level 2, -6/12 HPs)
             Began as a Felid Transmuter on Oct 20, 2015.
             Mangled by a gnoll
             ... wielding a +0 spear
              (7 damage)
             ... on level 3 of the Dungeon.
             The game lasted 00:01:04 (160 turns).

4thArraOfDagon the Scratcher (Felid Transmuter)      Turns: 160, Time: 00:01:04

Health: -6/12      AC:  1    Str:  6    XL:     2   Next: 24%
Magic:  5/6        EV: 18    Int: 14    God:
Gold:   0          SH:  0    Dex: 16    Spells: 1 memorised, 4 levels left
                                        Lives:  0   Deaths: 0

rFire  . . .     SeeInvis +       - Unarmed
rCold  . . .     Clarity  .     (armour unavailable)
rNeg   . . .     SustAt   .     (shield unavailable)
rPois  .         Gourm    .     (helmet unavailable)
rElec  .         Spirit   .     (cloak unavailable)
rCorr  .         Warding  .     (gloves unavailable)
rMut   .         Stasis   .     (boots unavailable)
MR     .....                    (no amulet)
Stlth  ++........               (no ring)
                                (no ring)

@: appendage, quick, not resistant to hostile enchantments, unstealthy
A: no armour, no weapons or thrown items, claws 1, fangs 3, horns 2, see
invisible, carnivore 3, speed 1, shaggy fur 1, slow metabolism 1, sharp paws
a: End Transformation


You were on level 3 of the Dungeon.
You were full.
You had grown temporary horns.
You visited 1 branch of the dungeon, and saw 4 of its levels.

Inventory:

Missiles
 a - 12 arrows
Scrolls
 d - 2 scrolls of remove curse {unknown}
Books
 b - a book of Changes

   Spells                             Type                      Level
   a - Beastly Appendage              Transmutation                1
   b - Sticks to Snakes               Transmutation                2
   c - Spider Form                    Transmutation/Poison         3
   d - Ice Form                       Ice/Transmutation            4
   e - Blade Hands                    Transmutation                5
Comestibles
 c - 3 meat rations


   Skills:
 + Level 1.2 Fighting
 + Level 2.8 Dodging
 * Level 3.3 Unarmed Combat
 + Level 2.0 Spellcasting
 * Level 2.5 Transmutations


You had 4 spell levels left.
You knew the following spells:

 Your Spells              Type           Power        Failure   Level  Hunger
a - Beastly Appendage     Trmt           #.....       10%         1    ##.....


Dungeon Overview and Level Annotations

Branches:
Dungeon (4/15)
 Temple: D:4-7

Altars:


Innate Abilities, Weirdness & Mutations

You cannot wear armour.
You are incapable of wielding weapons or throwing items.
You have sharp claws.
You have razor-sharp teeth.
You have supernaturally acute eyesight.
You are carnivorous and can eat meat at any time.
You cover ground quickly.
You are covered in fur (AC +1).
You have a slow metabolism.
Your sharp claws are effective at attacking unaware monsters.
You have a pair of horns on your head.


Message History

The gnoll shouts!
Found 18 bolts.
Casting: Beastly Appendage
Confirm with . or Enter, or press ? or * to list all spells.
You grow a pair of large bovine horns.
The gnoll misses you.
You barely miss the gnoll. The gnoll completely misses you.
You completely miss the gnoll. The gnoll completely misses you.
Unknown command.
You aren't carrying any potions.
Unknown command.
You closely miss the gnoll. You bite the gnoll.
The gnoll is lightly wounded.
The gnoll hits you with a spear!
Ouch! That really hurt!
* * * LOW HITPOINT WARNING * * *
You scratch the gnoll.
The gnoll is moderately wounded.
The gnoll hits you with a spear!
Ouch! That really hurt!
You die...

#.....# #.....#
#...>.# ##+#รท##
#.# #.##### #
######+#.#...##....
#........#.g.....#
#........#@#.#.(.#
#..........#.# ...
#.......####.# #
#.......# .#
#.......# g#
#####...# .# #...#
.# #...# #....


You could see a gnoll.

Vanquished Creatures
  An adder (D:3)
  A kobold (D:2)
  A bat (D:3)
  A giant newt (D:1)
  A quokka skeleton (D:4)
  A rat (D:3)
6 creatures vanquished.

Notes
Turn   | Place    | Note
--------------------------------------------------------------
     0 | D:1      | 4thArraOfDagon the Felid Transmuter began the quest for the Orb.
     0 | D:1      | Reached XP level 1. HP: 9/9 MP: 4/4
    85 | D:4      | Noticed a worker ant
   109 | D:4      | Noticed a centaur skeleton
   119 | D:3      | Reached XP level 2. HP: 10/12 MP: 4/6
   160 | D:3      | Mangled by a gnoll

Vault maps used:
D:1:      eino_arrival_cavern_b, kennysheep_boxes
D:2:      grunt_gozag_statues, first_bread, minmay_liquid_box, uniq_natasha
D:3:      nicolae_overflow_crystal_walls, serial_corexii_hall,
          corexii_hall_statues_l, corexii_hall_statues_i
D:4:      kennysheep_little_box, uniq_robin, uniq_pikel, uniq_duvessa

Action                   || total
-------------------------++-------
Melee: Unarmed           ||    25
 Cast: Beastly Appendage ||     5
 Stab: Sleeping          ||     1
  Eat: Chunk             ||     3
